 Dungeon Crawl Stone Soup version 0.28.0-47-ge53b351184 (webtiles) character file.

Game seed: 7638953595513456604

3537 MrIGI the Fighter (level 9, -6/79 (83) HPs)
             Began as a Black Draconian Gladiator on May 10, 2022.
             Was a High Priest of Jiyva.
             Mangled by a death knight
             ... wielding a +4 great sword of draining
              (25 damage)
             ... on level 8 of the Dungeon.
             The game lasted 00:39:49 (5774 turns).

MrIGI the Fighter (Black Draconian Gladiator)       Turns: 5774, Time: 00:39:50

HP:   -6/79 (83)    AC:  8    Str: 20    XL:     9   Next: 82%
MP:   13/13         EV: 13    Int:  9    God:    Jiyva [*****.]
Gold: 100           SH:  4    Dex: 13    Spells: 14/14 levels left

rFire   . . .      SeeInvis .   a - +0 trident
rCold   . . .      Faith    .   m - +0 buckler
rNeg    . . .      Spirit   .   (armour unavailable)
rPois   +          Reflect  .   b - +0 hat
rElec   +          Harm     .   x - +0 cloak
rCorr   +          Rampage  .   (no gloves)
rMut    +          Clarity  +   (no boots)
Will    .....                   s - amulet of magic regeneration
Stlth   ++........              l - ring of poison resistance
HPRegen 1.67/turn               (no ring)
MPRegen 0.98/turn

@: short of breath, hasted, lightly drained, very quick
A: breathe lightning, AC +7, unfitting armour, electricity resistance,
cold-blooded, talons 1, clarity, mutation resistance 3, eyeballs 2
a: Breathe Lightning, Renounce Religion, Oozemancy, Slimify


You were on level 8 of the Dungeon.
You worshipped Jiyva.
Jiyva was extremely pleased with you.
You visited 1 branch of the dungeon, and saw 8 of its levels.

You collected 304 gold pieces.
You spent 204 gold pieces at shops.

Inventory:

Hand Weapons
 a - a +0 trident (weapon)
 h - a +2 flail of venom
 j - a +0 hunting sling
 w - a +4 quarterstaff of chaos
Missiles
 c - a throwing net (quivered)
 k - 6 curare-tipped darts
 B - 6 javelins
Armour
 b - a +0 hat (worn)
 m - a +0 buckler (worn)
 x - a +0 cloak (worn)
Jewellery
 l - a ring of poison resistance (left hand)
 s - an amulet of magic regeneration (around neck)
 y - a ring of flight
Wands
 r - a wand of flame (21)
 D - a wand of charming (10)
Scrolls
 e - a scroll of immolation {unknown}
 f - a scroll of teleportation
 n - a scroll of noise {unknown}
 o - 2 scrolls of enchant armour {unknown}
 p - a scroll of magic mapping {unknown}
 C - a scroll of vulnerability {unknown}
Potions
 d - a potion of flight
 i - 3 potions of curing
 q - 3 potions of heal wounds
 t - a potion of might
 u - a potion of attraction {unknown}
 v - a potion of degeneration {unknown}
 z - a potion of cancellation {unknown}
 A - a potion of lignification {unknown}
 E - a potion of brilliance {unknown}


   Skills:
 - Level 9.0 Fighting
 + Level 1.4 Short Blades
 - Level 8.3 Polearms
 - Level 1.7 Throwing
 - Level 5.3 Dodging
 - Level 4.0 Stealth
 - Level 2.0 Shields
 - Level 3.1 Spellcasting
 * Level 1.8 Conjurations
 + Level 0.9 Ice Magic
 * Level 1.7 Air Magic
 + Level 0.5 Poison Magic


You had 14 spell levels left.
You didn't know any spells.
Your spell library contained the following spells:

 Spells                   Type           Power      Damage    Failure   Level
 Static Discharge         Conj/Air       4%         N/A       28%         2
 Sandblast                Erth           2%         2d4       36%         1
 Passwall                 Tmut/Erth      0%         N/A       52%         2
 Stone Arrow              Conj/Erth      6%         3d7       63%         3
 Lightning Bolt           Conj/Air       2%         1d13      99%         5
 Maxwell's Capacitive Co  Air            2%         ∞         100%        8


Dungeon Overview and Level Annotations

Branches:
Dungeon (8/15)             Temple (0/1) D:6
   Lair: D:8-11

Altars:
Hepliaklqana
The Shining One
Jiyva

Shops:
D:1 (   D:4 !


Innate Abilities, Weirdness & Mutations

You can breathe wild blasts of lightning.
Your glossy black scales are hard. (AC +7)
You cannot fit into any form of body armour.
You are resistant to electric shocks. (rElec)
You are cold-blooded and may be slowed by cold attacks.
You have sharp toenails.
You possess an exceptional clarity of mind.
You are almost entirely resistant to further mutation and mutation removal.
Your body has grown many eyes which may confuse attackers. (Acc +5)


Message History

You hit the death knight but do no damage.
You tail-slap the death knight.
The death knight is lightly wounded.
The death knight reflects your damage back at you!
The centaur shoots an arrow.
The arrow hits you.
The centaur shoots an arrow.
You block the arrow.
The death knight gestures wildly.
Activating: Breathe Lightning (4% risk of failure)
Press: ? - help, Dir - look around, f - activate You breathe a wild blast of lightning!
You hear a mighty clap of thunder!
The bolt of lightning misses you.
You hear a mighty clap of thunder!
The orb of electricity explodes!
The orb of electricity engulfs the centaur!!!
You kill the centaur!
The orb of electricity engulfs the death knight!!
The death knight is heavily wounded.
The orb of electricity engulfs you. You resist.
The death knight reflects your damage back at you!
You hear a shout! x4
Your life force feels restored.
Your Air Magic skill increases to level 1!
You hit the death knight but do no damage.
You claw the death knight.
The death knight is heavily wounded.
The death knight reflects your damage back at you!
The death knight seems less confused.
The death knight misses you.
You hit the death knight but do no damage.
You claw the death knight, but do no damage.
You tail-slap the death knight, but do no damage.
The death knight is heavily wounded.
The death knight hits you with a +4 great sword of draining!!
You shudder from the blow and a jelly pops out!
You feel drained.
* * * LOW HITPOINT WARNING * * *
You feel yourself speed up.
The death knight's dark mirror aura disappears.
The death knight hits you with a +4 great sword of draining!!
You die...

#... .... ..# #####
..... #####
########## ..#
##.'..#...# #.#
##..##).)# #
##....#@J## ##
##.....##p)..# .#
##.......#..### .##
##........##.# ..#
##......#...#..
..####......##...##.#
...##......## #...#..
...#......## ...##.#
#........## ...


You could see a death knight (ally target) and a friendly rockslime (summoned).

Vanquished Creatures
  A hornet (D:7)
  Grinder (D:4)
  Sigmund (D:4)
  4 yaks (D:5)
  Edmund (D:4)
  Duvessa (D:5)
  2 water moccasins (D:7)
  An ice beast (D:6)
  3 ogres
  An orc warrior (D:5)
  3 sky beasts (D:8)
  A black bear (D:5)
  A necrophage (D:6)
  A centaur (D:8)
  2 phantoms
  A wyvern zombie (D:5)
  2 scorpions
  Dowan (D:5)
  A wight (D:8)
  4 hounds
  An orc priest (D:2)
  Crazy Yiuf (D:4)
  A centaur skeleton (D:5)
  2 bullfrog skeletons
  2 gnoll shamans
  An orc wizard (D:8)
  Natasha (thrice) (D:2)
  3 gnolls (D:5)
  3 adders (D:5)
  A shadow imp (D:6)
  A white imp (D:8)
  A worm (D:2)
  2 dart slugs (D:2)
  14 orcs
  3 ball pythons
  6 bats
  A giant cockroach (D:1)
  4 goblins
  7 hobgoblins
  3 jackals (D:5)
  6 quokkas
  A frilled lizard (D:3)
  5 kobolds
  10 rats
115 creatures vanquished.

Vanquished Creatures (others)
  6 jellies
  An orc priest (D:2)
  An iguana (D:4)
  An orc wizard (D:2)
  A worm (D:2)
  4 endoplasms
  4 orcs
  A goblin (D:2)
  A hobgoblin (D:2)
  3 ball pythons
  A frilled lizard (D:3)
  A rat (D:2)
  A butterfly (D:6)
26 creatures vanquished.

Grand Total: 141 creatures vanquished

Notes
Turn   | Place    | Note
-------+----------+-------------------------------------------
     0 | D:1      | MrIGI the Draconian Gladiator began the quest for the Orb.
     0 | D:1      | Reached XP level 1. HP: 17/17 MP: 1/1
   104 | D:1      | Reached XP level 2. HP: 25/25 MP: 2/2
   254 | D:1      | Found Kyscheic's Antique Weapon Shoppe.
   577 | D:2      | Noticed Natasha
   599 | D:2      | Killed Natasha
   600 | D:2      | Reached XP level 3. HP: 5/30 MP: 3/3
   872 | D:2      | Noticed Natasha
   885 | D:2      | Killed Natasha
   886 | D:2      | Reached skill level 1 in Stealth
   886 | D:2      | Reached XP level 4. HP: 24/37 MP: 4/4
   999 | D:2      | Reached skill level 3 in Fighting
  1013 | D:2      | Found a faded altar of an unknown god.
  1029 | D:2      | Prayed at the altar of an unknown god.
  1029 | D:2      | Became a worshipper of Jiyva Jomogeat the Shapeless
  1029 | D:2      | Reached * piety under Jiyva
  1058 | D:2      | Noticed Natasha
  1073 | D:2      | Killed Natasha
  1176 | D:2      | Reached XP level 5. HP: 10/45 MP: 5/5
  1360 | D:2      | You fall into a shaft and drop 2 floors!
  1360 | D:4      | Found a hazy altar of Hepliaklqana.
  1420 | D:4      | Noticed Edmund
  1429 | D:4      | Reached ** piety under Jiyva
  2265 | D:4      | Noticed an ogre
  2289 | D:4      | Killed an ogre
  2290 | D:4      | Reached skill level 5 in Polearms
  2290 | D:4      | Reached XP level 6. HP: 22/52 MP: 6/6
  2353 | D:4      | Noticed Grinder
  2372 | D:5      | Entered Level 5 of the Dungeon
  2372 | D:5      | Noticed an orc warrior
  2372 | D:5      | Reached *** piety under Jiyva
  2373 | D:5      | Gained mutation: You occasionally shout uncontrollably at
                  | your foes. [potion of mutation]
  2373 | D:5      | Gained mutation: You sometimes lose the ability to read
                  | scrolls when taking damage. [potion of mutation]
  2390 | D:5      | Killed an orc warrior
  2391 | D:5      | Reached skill level 4 in Fighting
  2397 | D:5      | Noticed Dowan
  2399 | D:5      | Noticed Duvessa
  2459 | D:5      | Noticed a yak
  2460 | D:5      | Noticed a yak
  2629 | D:4      | Your scales start taking on a glossy black colour.
  2629 | D:4      | Reached XP level 7. HP: 41/60 MP: 7/7
  2629 | D:4      | Gained mutation: You are resistant to electric shocks.
                  | (rElec) [Black Draconian growth]
  2637 | D:4      | Noticed Sigmund
  2659 | D:5      | Lost mutation: You occasionally shout uncontrollably at
                  | your foes. [Jiyva's grace]
  2659 | D:5      | Gained mutation: Your body has grown eyes which may confuse
                  | attackers. (Acc +3) [Jiyva's grace]
  2659 | D:5      | Gained mutation: Your body has grown many eyes which may
                  | confuse attackers. (Acc +5) [Jiyva's grace]
  2659 | D:5      | Gained mutation: Your body is covered in eyes which may
                  | confuse attackers. (Acc +7, SInv) [Jiyva's grace]
  2659 | D:5      | Gained mutation: Armour fits poorly on your pseudopods.
                  | [Jiyva's grace]
  2720 | D:5      | Noticed a yak
  2761 | D:5      | Reached skill level 5 in Fighting
  2850 | D:5      | Noticed a yak
  3032 | D:5      | Killed a yak
  3032 | D:5      | Killed a yak
  3033 | D:5      | Reached skill level 6 in Fighting
  3033 | D:5      | Reached XP level 8. HP: 64/70 MP: 5/8
  3165 | D:5      | Killed Dowan
  3194 | D:5      | Killed Duvessa
  3195 | D:5      | Reached skill level 7 in Fighting
  3508 | D:5      | Noticed a two-headed ogre
  3599 | D:6      | Found a staircase to the Ecumenical Temple.
  3747 | D:5      | Reached skill level 5 in Dodging
  3747 | D:5      | Reached skill level 1 in Shields
  3779 | D:4      | Killed Edmund
  3825 | D:4      | Paralysed by Grinder for 3 turns
  3899 | D:5      | Reached **** piety under Jiyva
  4168 | D:4      | Paralysed by Grinder for 2 turns
  4170 | D:4      | Killed Grinder
  4171 | D:4      | Reached XP level 9. HP: 80/80 MP: 9/9
  4263 | D:4      | Found Topu's Distillery.
  4268 | D:4      | Lost mutation: Your body is covered in eyes which may
                  | confuse attackers. (Acc +7, SInv) [potion of mutation]
  4268 | D:4      | Lost mutation: Armour fits poorly on your pseudopods.
                  | [potion of mutation]
  4268 | D:4      | Lost mutation: You sometimes lose the ability to read
                  | scrolls when taking damage. [potion of mutation]
  4268 | D:4      | Gained mutation: You occasionally shout uncontrollably at
                  | your foes. [potion of mutation]
  4268 | D:4      | Gained mutation: You have sharp toenails. [potion of
                  | mutation]
  4268 | D:4      | Gained mutation: You are frail. (-10% HP) [potion of
                  | mutation]
  4269 | D:4      | Bought 2 potions of heal wounds for 120 gold pieces
  4269 | D:4      | Bought a potion of curing for 36 gold pieces
  4269 | D:4      | Bought a potion of might for 48 gold pieces
  4339 | D:4      | Killed Sigmund
  4500 | D:4      | Found a runed translucent door.
  4501 | D:4      | Noticed Crazy Yiuf
  4511 | D:4      | Killed Crazy Yiuf
  4512 | D:4      | Reached skill level 8 in Fighting
  4889 | D:6      | Reached skill level 1 in Spellcasting
  5285 | D:7      | Reached ***** piety under Jiyva
  5564 | D:8      | Lost mutation: You are frail. (-10% HP) [Jiyva's grace]
  5564 | D:8      | Lost mutation: You occasionally shout uncontrollably at
                  | your foes. [Jiyva's grace]
  5564 | D:8      | Gained mutation: You are somewhat resistant to further
                  | mutation. [Jiyva's grace]
  5564 | D:8      | Gained mutation: You are somewhat resistant to both further
                  | mutation and mutation removal. [Jiyva's grace]
  5564 | D:8      | Gained mutation: You are almost entirely resistant to
                  | further mutation and mutation removal. [Jiyva's grace]
  5564 | D:8      | Gained mutation: You possess an exceptional clarity of
                  | mind. [Jiyva's grace]
  5568 | D:8      | Found a glowing golden altar of the Shining One.
  5628 | D:8      | Reached skill level 9 in Fighting
  5670 | D:8      | Reached skill level 1 in Short Blades
  5716 | D:8      | Reached skill level 1 in Conjurations
  5760 | D:8      | Noticed a death knight
  5772 | D:8      | Reached skill level 1 in Air Magic
  5774 | D:8      | Mangled by a death knight

Illustrated notes

Levels and vault maps discovered:
D:1:      roderic_octagonal_star, layout_rooms, serial_shops,
          nicolae_diamond_shop
D:2:      cheibrodos_pilgrimage, layout_rooms,
          ebering_ecumenical_altar_sacrificial, kennysheep_generic_room_13,
          uniq_natasha
D:3:      layout_loops_ring, serial_park_tiny_pond, nicolae_figureground_pulse
D:4:      layout_rooms, mainiacjoe_overflow_six_doors_small, serial_shops, shop,
          chequers_serial_rivers_small_b, uniq_grinder, uniq_sigmund,
          uniq_edmund, uniq_crazy_yiuf_cottage
D:5:      layout_gridville, chequers_serial_rivers_small_3,
          kennysheep_opposing_triangles, uniq_duvessa
D:6:      layout_gridville, minmay_temple_entry_butterflies
D:7:      layout_rooms
D:8:      minmay_razor_zed, layout_basic, tso_oasis_becter,
          chequers_temple_overflow_minitemple

Skill      XL: |  1  2  3  4  5  6  7  8  9 |
---------------+----------------------------+-----
Dodging        | 3 4 5 |  5.3
Polearms       | 4 5 6 8 |  8.3
Stealth        | 1 2 3 4 |  4.0
Fighting       | 3 4 6 7 9 |  9.0
Shields        | 1 2 |  2.0
Spellcasting   | 3 |  3.1
Short Blades   | 1 |  1.4
Conjurations   | 1 |  1.8
Air Magic      | 1 |  1.7
Throwing       | |  1.7
Ice Magic      | |  0.9
Poison Magic   | |  0.5

Action                   |  1- 3 |  4- 6 |  7- 9 || total
-------------------------+-------+-------+-------++-------
Melee: Trident           |    74 |   157 |   304 ||   535
       Tailslap          |    10 |    10 |    57 ||    77
       Punch             |       |     1 |       ||     1
       Pseudopods        |       |       |    37 ||    37
       Kick              |       |       |    44 ||    44
Throw: Throwing net      |     3 |       |     5 ||     8
Invok: Oozemancy         |       |     1 |     1 ||     2
 Abil: Breathe Lightning |       |       |     5 ||     5
  Use: Potion            |       |     3 |     3 ||     6
       Scroll            |       |       |     3 ||     3
 Stab: Sleeping          |     3 |     1 |     6 ||    10
       Held in net/web   |     2 |       |     2 ||     4
       Confused          |       |       |    13 ||    13
       Distracted        |       |       |     1 ||     1
Armor: Skin              |    15 |    51 |    45 ||   111
Dodge: Dodged            |    60 |   112 |   115 ||   287
Block: Buckler           |       |     7 |    29 ||    36
